Map: Bastion of the Conclave

Players

Manipulation - Winner!

  • Race: Zerg Zerg
  • League: Master
  • Spawn Location: 12:00

Bumi - Winner!

  • Race: Terran Terran
  • League: Diamond
  • Spawn Location: 12:00

Puddle - Winner!

  • Race: Terran Terran
  • League: Diamond
  • Spawn Location: 0:00

Yata

  • Race: Zerg Zerg
  • League: Gold
  • Spawn Location: 6:00

Myhome

  • Race: Terran Terran
  • League: Diamond
  • Spawn Location: 6:00

SHreddedWInd

  • Race: Protoss Protoss
  • League: Diamond
  • Spawn Location: 6:00

VOD

Have the link to the VOD?

Description

Time

  • Played on: Sept. 4, 2017, 10:13 p.m.
  • Length: 9:17
Show
View Real Time Build Order
Export as new Build Order

Manipulation Zerg - Winner!

Build Orders: Hatch First 

Get SALT Encoding   

  12  0:01  Drone  
  13  0:08  Drone  
  14  0:18  Overlord  
  14  0:32  Extractor  
  14  0:33  Extractor, Drone x2  
  16  0:37  Drone  
  17  0:59  Extractor  
  17  1:00  Drone  
  17  1:02  Hatchery  
  17  1:03  Drone  
  17  1:07  Drone  
  18  1:21  Spawning Pool  
  18  1:24  Drone  
  18  1:29  Extractor  
  18  1:30  Drone  
  18  1:38  Drone  
  19  1:51  Drone  
  20  2:05  Drone  
  20  2:08  Lair  
  21  2:12  Overlord  
  21  2:22  Queen  
  23  2:23  Drone x2  
  23  2:27  Drone  
  26  2:42  Spine Crawler x2  
  24  2:48  Zergling x2  
  24  2:49  Zergling x2  
  26  3:10  Drone  
  26  3:11  Spire, Drone  
  27  3:32  Zergling x10  
  29  4:18  Queen  
  29  4:20  Overlord  
  29  4:22  Mutalisk x2  
  35  4:28  Mutalisk, Spore Crawler  
  35  4:29  Spore Crawler  
  35  4:37  Mutalisk, Zerg Flyer Weapons Level 1  
  35  4:38  Mutalisk  
  39  4:42  Mutalisk  
  43  5:08  Overlord x4  
  43  5:11  Extractor  
  43  5:12  Drone  
  43  5:13  Extractor  
  43  5:14  Drone x2  
  44  5:42  Mutalisk  
  44  5:43  Mutalisk x2  
  50  6:06  Mutalisk  
  50  6:19  Mutalisk  
  50  6:21  Drone  
  50  6:22  Drone x6  
  59  6:33  Mutalisk  
  61  6:41  Zergling x6  
  61  6:44  Metabolic Boost  
  61  6:46  Spore Crawler  
  63  6:48  Spore Crawler  
  62  7:05  Mutalisk  
  62  7:06  Mutalisk  
  66  7:21  Mutalisk x2  
  68  7:31  Drone x3  
  68  7:32  Drone  
  68  7:33  Drone x3  
  68  7:34  Overlord x2  
  75  7:58  Mutalisk x4  
  71  8:03  Drone x2  
  81  8:24  Drone  
  81  8:25  Drone x5  
  87  8:33  Mutalisk x2  
  91  8:36  Overlord x3  
Show
View Real Time Build Order
Export as new Build Order

Bumi Terran - Winner!

Build Orders: MMM Bio 

Get SALT Encoding   

  12  0:03  SCV  
  13  0:16  SCV  
  13  0:21  Supply Depot  
  15  0:28  SCV  
  15  0:33  Refinery  
  15  0:42  SCV  
  16  0:49  Barracks  
  16  0:54  SCV  
  17  1:06  SCV  
  18  1:18  SCV  
  19  1:46  Marine  
  20  1:47  Factory  
  20  1:49  Refinery, Orbital Command  
  20  2:06  Supply Depot  
  20  2:11  Marine  
  21  2:16  SCV  
  21  2:21  Barracks  
  22  2:33  Marine, Factory Tech Lab  
  23  2:39  Starport  
  22  2:52  Siege Tank  
  25  3:11  Marine x2  
  26  3:12  SCV  
  26  3:25  SCV  
  25  3:28  Marine  
  25  3:29  Marine  
  27  3:38  Siege Tank  
  30  3:46  Marine  
  31  3:54  Marine  
  30  3:56  Supply Depot  
  30  4:03  Liberator  
  30  4:04  Marine  
  31  4:18  SCV  
  31  4:19  Barracks Tech Lab  
  31  4:22  Marine  
  36  4:33  SCV  
  36  4:36  Supply Depot  
  37  4:39  Stimpack  
  37  4:40  Marine  
  38  4:58  Marine  
  39  5:00  Marine  
  40  5:08  Command Center  
  40  5:11  SCV  
  41  5:14  Engineering Bay  
  41  5:15  Supply Depot, Marine  
  41  5:18  Marine  
  43  5:23  SCV  
  44  5:33  Marine  
  44  5:35  SCV  
  46  5:36  Barracks, Siege Tank  
  49  5:48  Terran Infantry Weapons Level 1, Missile Turret  
  49  5:54  Marine  
  50  6:06  SCV  
  50  6:08  Starport Reactor  
  51  6:14  Marine  
  51  6:15  Marine  
  53  6:18  SCV  
  53  6:24  Orbital Command  
  54  6:34  Marine x2  
  57  6:41  Supply Depot  
  57  6:43  Barracks Reactor  
  57  6:44  Combat Shields  
  56  6:47  SCV  
  56  6:51  SCV  
  58  6:55  Missile Turret  
  58  6:59  SCV  
  58  7:01  Medivac  
  61  7:03  Medivac  
  62  7:19  Marine  
  62  7:20  Marine x2  
  65  7:22  Barracks Reactor  
  63  7:40  Marine x3  
  65  7:49  SCV x2  
  65  7:50  Armory  
  67  8:04  SCV, Missile Turret  
  67  8:05  Marine x3, SCV  
  69  8:06  Missile Turret  
  69  8:08  Medivac x2  
  69  8:10  Marine x2  
  75  8:18  SCV  
  75  8:19  SCV  
  77  8:22  Refinery  
  77  8:23  Refinery, Marine  
  77  8:24  Supply Depot  
  78  8:31  SCV x2  
  78  8:32  Supply Depot  
  86  8:46  SCV x2  
  88  8:57  Marine x4  
  88  9:00  SCV x2  
  94  9:13  Supply Depot  
  94  9:14  Supply Depot  
Show
View Real Time Build Order
Export as new Build Order

Puddle Terran - Winner!

Build Orders: MMM Bio 

Get SALT Encoding   

  12  0:03  SCV  
  13  0:22  SCV  
  13  0:23  Supply Depot  
  14  0:34  SCV  
  15  0:46  Barracks  
  15  0:48  SCV  
  16  0:57  Barracks  
  16  1:00  SCV  
  17  1:14  Barracks  
  17  1:15  SCV  
  18  1:38  Marine  
  19  1:43  Supply Depot  
  19  1:46  Orbital Command  
  19  1:48  Marine  
  20  2:05  Marine  
  20  2:06  Marine  
  22  2:10  Engineering Bay  
  22  2:15  Refinery, Marine  
  23  2:28  Marine x2  
  25  2:31  SCV  
  25  2:33  Marine  
  26  2:49  Bunker  
  26  2:53  Supply Depot  
  26  2:55  Bunker  
  26  3:02  Marine x3  
  22  3:20  Marine  
  23  3:29  Marine x2  
  21  3:37  Marine  
  22  3:46  Command Center  
  22  3:47  Marine x2  
  23  3:51  Orbital Command  
  23  3:55  Marine  
  22  4:07  Supply Depot  
  21  4:22  Marine  
  23  4:29  Barracks Tech Lab  
  22  4:43  Marine x2  
  24  4:50  SCV  
  25  4:54  Marine  
  25  4:58  Orbital Command  
  26  5:05  Missile Turret  
  26  5:09  Marine  
  26  5:11  Stimpack  
  28  5:16  Barracks Tech Lab  
  28  5:20  SCV  
  28  5:27  SCV  
  29  5:30  Marine x2  
  29  5:32  SCV  
  32  5:39  SCV  
  33  5:44  SCV  
  34  5:50  Combat Shields  
  34  5:51  SCV  
  34  5:52  Marine x3  
  34  5:56  Refinery, SCV  
  39  6:01  Missile Turret  
  39  6:03  SCV  
  40  6:09  SCV  
  40  6:11  Marine x3  
  43  6:17  Barracks  
  44  6:21  SCV x2  
  46  6:28  Terran Infantry Weapons Level 1  
  46  6:30  Marine  
  46  6:31  Marine  
  48  6:33  SCV  
  49  6:45  Marine  
  50  6:59  Orbital Command  
  50  7:09  Command Center  
  50  7:25  Marine  
  50  7:26  Marine x3  
  54  7:48  Marine  
  54  7:55  Marine  
  54  7:56  Marine  
  54  7:57  Marine  
  44  8:13  Marine x2  
  44  8:14  Marine  
  44  8:19  SCV  
  48  8:25  Supply Depot  
  48  8:27  Supply Depot  
  48  8:28  Supply Depot  
  48  8:31  SCV  
  49  8:43  SCV  
  50  8:52  Marine x3  
  55  8:55  SCV  
  55  9:01  Barracks  
  55  9:02  Barracks  
  55  9:06  Barracks  
  55  9:08  Barracks Reactor  
Show
View Real Time Build Order
Export as new Build Order

Yata Zerg 

Build Orders: Hatch First 

Get SALT Encoding   

  12  0:01  Drone  
  13  0:10  Drone  
  14  0:17  Overlord  
  14  0:36  Drone x3  
  17  1:00  Hatchery  
  17  1:02  Drone x2  
  18  1:15  Extractor  
  18  1:17  Spawning Pool  
  17  1:18  Drone  
  17  1:21  Drone  
  18  1:30  Drone  
  19  1:54  Overlord  
  19  1:56  Drone  
  20  2:21  Queen  
  20  2:22  Queen  
  22  2:26  Zergling x4  
  22  2:28  Drone x2  
  22  2:29  Drone  
  29  2:34  Evolution Chamber  
  29  2:36  Roach Warren  
  27  2:40  Drone x2  
  29  2:45  Overlord  
  29  2:52  Overlord  
  29  3:01  Zerg Missile Weapons Level 1  
  29  3:03  Drone  
  30  3:05  Drone  
  30  3:08  Lair  
  31  3:19  Drone  
  33  3:20  Drone x2  
  33  3:25  Evolution Chamber  
  33  3:27  Extractor, Drone  
  33  3:39  Overlord  
  33  3:41  Drone  
  34  3:42  Drone  
  34  3:43  Drone  
  34  3:44  Drone x2  
  38  3:51  Zerg Ground Armor Level 1  
  40  3:55  Roach  
  40  4:12  Glial Reconstitution  
  40  4:17  Extractor  
  40  4:19  Extractor  
  40  4:22  Drone  
  40  4:23  Drone x5  
  40  4:24  Drone x4  
  47  4:27  Overlord  
  48  4:57  Roach  
  48  4:58  Roach x4  
  58  5:00  Hatchery  
  58  5:03  Zerg Missile Weapons Level 2  
  57  5:15  Drone  
  57  5:16  Drone x2  
  60  5:31  Spore Crawler  
  60  5:35  Spore Crawler x2  
  58  5:38  Spore Crawler  
  58  5:41  Roach x2  
  60  5:46  Overlord  
  60  5:47  Overlord x2  
  60  6:04  Queen  
  60  6:43  Drone  
  60  6:44  Drone x6  
  60  6:45  Drone x6  
  60  6:46  Drone x4  
  77  6:48  Spore Crawler  
  77  6:49  Zerg Ground Armor Level 2  
  77  6:51  Spore Crawler  
  77  6:52  Roach x2  
  79  7:06  Roach x3  
  85  7:17  Roach x2  
  89  7:27  Overlord x3  
  89  7:28  Overlord x2  
  89  7:41  Hydralisk Den  
  88  7:48  Roach x3  
  88  7:49  Roach x5  
  104  8:03  Pneumatized Carapace  
  104  8:04  Burrow  
  104  8:07  Roach  
  104  8:08  Roach x5  
  104  8:12  Hydralisk x2  
  120  8:24  Extractor  
  119  8:29  Extractor  
  119  8:32  Hydralisk  
  119  8:33  Hydralisk x3  
  126  8:42  Infestation Pit  
  125  8:51  Hydralisk x2  
Show
View Real Time Build Order
Export as new Build Order

Myhome Terran 

Build Orders:  

Get SALT Encoding   

  12  0:08  SCV  
  13  0:17  Supply Depot  
  13  0:41  Barracks  
  13  0:51  Barracks  
  13  1:07  Barracks  
  13  1:30  Supply Depot, Marine  
  14  1:39  Marine  
  15  1:49  Marine  
  16  1:54  Marine  
  16  1:57  Marine  
  18  2:07  Marine  
  19  2:12  Marine  
  19  2:15  Marine  
  20  2:16  Orbital Command  
  21  2:25  Marine  
  21  2:29  Marine  
  22  2:35  Marine  
  24  2:43  Marine  
  25  2:47  Marine  
  26  2:53  Marine  
  23  3:07  Marine x2  
  23  3:11  Marine  
  26  3:25  Marine x2  
  28  3:28  Marine  
  23  3:42  Marine  
  23  3:43  Marine  
  23  3:46  Marine  
  20  4:00  Marine x2  
  19  4:04  Marine  
  20  4:13  SCV  
  20  4:14  Supply Depot  
  18  4:18  Marine x2  
  18  4:23  Marine  
  21  4:30  SCV  
  22  4:36  Marine  
  23  4:42  SCV  
  23  4:44  Refinery  
  24  4:46  Marine x2  
  24  4:47  Refinery  
  26  4:54  Marine, SCV  
  28  5:04  Marine x2  
  28  5:06  SCV  
  31  5:12  Marine  
  32  5:18  SCV  
  33  5:21  Marine  
  33  5:22  Supply Depot, Marine  
  33  5:25  Supply Depot  
  35  5:29  Marine  
  34  5:39  Marine  
  25  5:58  Orbital Command  
  24  6:33  Marine x3  
  27  7:00  Marine x2  
  27  7:01  Marine  
  29  7:18  Marine  
  29  7:21  Marine x2  
  24  7:36  Marine  
  1  8:50  SCV  
  2  9:05  SCV  
Show
View Real Time Build Order
Export as new Build Order

SHreddedWInd Protoss 

Build Orders:  

Get SALT Encoding   

  12  0:00  Probe (Chrono Boost)  
  13  0:11  Probe (Chrono Boost)  
  14  0:22  Probe (Chrono Boost)  
  14  0:26  Pylon  
  15  0:40  Pylon  
  15  0:44  Probe (Chrono Boost)  
  16  0:58  Gateway  
  16  1:00  Gateway  
  16  1:09  Gateway  
  16  1:12  Probe (Chrono Boost)  
  17  1:23  Probe (Chrono Boost)  
  18  1:33  Probe (Chrono Boost)  
  19  1:42  Assimilator  
  19  1:48  Zealot (Chrono Boost)  
  19  1:49  Zealot (Chrono Boost)  
  23  1:55  Probe (Chrono Boost)  
  24  2:06  Probe  
  24  2:07  Zealot (Chrono Boost)  
  27  2:10  Cybernetics Core  
  27  2:16  Zealot (Chrono Boost)  
  27  2:20  Zealot (Chrono Boost)  
  27  2:22  Pylon  
  31  2:42  Zealot (Chrono Boost)  
  37  2:44  Zealot (Chrono Boost)  
  37  2:47  Zealot (Chrono Boost)  
  37  2:54  Warp Gate  
  39  3:05  Zealot (Chrono Boost)  
  39  3:12  Pylon  
  39  3:13  Pylon  
  39  3:32  Zealot (Chrono Boost)  
  39  3:33  Zealot (Chrono Boost)  
  37  3:49  Zealot (Chrono Boost)  
  39  4:00  Zealot (Chrono Boost)  
  29  4:29  Assimilator  
  29  4:33  Stargate  
  29  5:00  Probe  
  29  5:01  Stargate  
  29  5:03  Nexus  
  29  5:04  Gateway  
  29  5:05  Pylon  
  30  5:07  Stalker  
  30  5:09  Gateway, Stalker  
  30  5:12  Stalker, Probe  
  37  5:24  Probe  
  37  5:30  Phoenix (Chrono Boost)  
  41  5:52  Phoenix (Chrono Boost)  
  39  6:13  Phoenix (Chrono Boost)  
  43  6:29  Phoenix (Chrono Boost)  
  43  6:36  Zealot x3  
  43  6:37  Zealot  
  43  6:38  Zealot  
  53  6:44  Phoenix (Chrono Boost)  
  55  7:17  Pylon  
  55  7:19  Pylon  
  55  7:21  Pylon  
  55  7:22  Pylon  
  53  7:39  Phoenix (Chrono Boost)  
  41  8:20  Phoenix (Chrono Boost)  
  41  8:23  Phoenix (Chrono Boost)  
  37  8:29  Zealot x2  
  41  8:36  Gateway  
  41  8:38  Gateway  
  41  8:42  Gateway  
  41  8:44  Gateway  
  33  9:03  Nexus  
Tags
 
Add a new tag
Caveats
  • Supply blocks, unpowered buildings, or Contaminate may cause inaccurate times.
  • Supply counts are checked every 10 seconds.